 Dungeon Crawl Stone Soup version 0.27-a0-396-g03f4e8edb7 (webtiles) character file.

Game seed: 17238331099709702100

30 Morbidden the Sneak (level 3, 26/27 HPs)
             Began as a Demonspawn Brigand on Feb 21, 2021.
             Quit the game on level 1 of the Dungeon.
             The game lasted 00:00:57 (1123 turns).

Morbidden the Sneak (Demonspawn Brigand)            Turns: 1123, Time: 00:00:57

Health: 26/27      AC:  3    Str: 11    XL:     3   Next: 5%
Magic:  3/3        EV: 12    Int: 13    God:
Gold:   23         SH:  0    Dex: 14    Spells: 2/2 levels left

rFire    . . .     SeeInvis .   (no weapon)
rCold    . . .     Faith    .   (no shield)
rNeg     . . .     Spirit   .   b - +0 robe
rPois    .         Reflect  .   (helmet restricted)
rElec    .         Harm     .   c - +0 cloak
rCorr    .         Rampage  .   (no gloves)
Will     .....                  (no boots)
Stlth    +++.......             g - amulet of the acrobat
HPRegen  0.09/turn              (no ring)
MPRegen  0.08/turn              (no ring)

@: no status effects
A: antennae 1, claws 1
a: no special abilities


You were on level 1 of the Dungeon.
You visited 1 branch of the dungeon, and saw 1 of its levels.

You collected 23 gold pieces.

Inventory:

Missiles
 d - 7 poisoned darts (quivered)
 e - 2 curare-tipped darts
Armour
 b - a +0 robe (worn)
 c - a +0 cloak (worn)
Jewellery
 g - an amulet of the acrobat (around neck)
 k - a +4 ring of protection {unknown}
Scrolls
 i - 2 scrolls of teleportation {unknown}
 j - a scroll of blinking {unknown}
Potions
 a - a potion of brilliance {unknown}
 f - a potion of attraction {unknown}
 h - a potion of heal wounds {unknown}
 l - a potion of lignification {unknown}


   Skills:
 + Level 2.0 Fighting
 + Level 1.8 Short Blades
 + Level 1.8 Throwing
 + Level 1.1 Dodging
 + Level 4.4 Stealth
 + Level 0.4 Unarmed Combat


You had 2 spell levels left.
You didn't know any spells.
Your spell library was empty.

Dungeon Overview and Level Annotations

Branches:
Dungeon (1/15)

Altars:


Innate Abilities, Weirdness & Mutations

You have a pair of small antennae on your head.
You have sharp fingernails.


Message History

A dart slug is nearby!
A dart slug is nearby!
The helpless dart slug fails to defend itself.
You scratch the dart slug.
The dart slug is moderately wounded.
You scratch the dart slug.
The dart slug is heavily wounded.
The dart slug bites you.
A dart slug is nearby!
You scratch the dart slug.
The dart slug is severely wounded.
The dart slug launches a dart at you. The slug dart misses you.
A dart slug is nearby!
You scratch the dart slug.
The dart slug is almost dead.
A dart slug is nearby!
You scratch the dart slug but do no damage.
The dart slug is almost dead.
The dart slug misses you.
A dart slug is nearby!
You barely miss the dart slug.
The dart slug is almost dead.
The dart slug closely misses you.
A dart slug is nearby!
You scratch the dart slug.
The dart slug is almost dead.
The dart slug completely misses you.
A dart slug is nearby!
You scratch the dart slug but do no damage.
The dart slug is almost dead.
You scratch the dart slug.
You kill the dart slug!
You have reached level 3!
Your experience leads to an increase in your attributes!
Increase (S)trength, (I)ntelligence, or (D)exterity?
You feel clever.
Your demonic ancestry asserts itself...
A pair of antennae grows on your head!
Unknown command.
Are you sure you want to abandon this character and quit the game? (Confirm with "yes".)

### ..# #.# #.#### ####
.....# ######...#
#.##.#######....@...#
#............###.......#
..##.######### #.#.###.#
#.##.# #.#.# ..##.# #.#
. #.>..# #.# .# ##.###
#.# # +..# . #..
#..###....


There were no monsters in sight!

Vanquished Creatures
  An ooze (D:1)
  A dart slug (D:1)
  A leopard gecko (D:1)
  3 goblins (D:1)
  A hobgoblin (D:1)
  6 jackals (D:1)
  3 kobolds (D:1)
  A bat (D:1)
  A frilled lizard (D:1)
  4 rats (D:1)
22 creatures vanquished.

Notes
Turn   | Place    | Note
-------+----------+-------------------------------------------
     0 | D:1      | Morbidden the Demonspawn Brigand began the quest for the
                  | Orb.
     0 | D:1      | Reached XP level 1. HP: 16/16 MP: 1/1
   319 | D:1      | Reached skill level 1 in Dodging
   407 | D:1      | Reached skill level 4 in Stealth
   440 | D:1      | Gained mutation: You have sharp fingernails. [demonic
                  | ancestry]
   440 | D:1      | Reached XP level 2. HP: 22/22 MP: 2/2
  1123 | D:1      | Gained mutation: You have a pair of small antennae on your
                  | head. [demonic ancestry]
  1123 | D:1      | Reached XP level 3. HP: 26/27 MP: 3/3
  1123 | D:1      | Quit the game

Illustrated notes

Levels and vault maps discovered:
D:1:      mrwooster_arrival_arrow, layout_loops_cross

Skill      XL: |  1 |
---------------+----+-----
Dodging        | 1 |  1.1
Stealth        | 4 |  4.4
Fighting       | |  2.0
Short Blades   | |  1.8
Throwing       | |  1.8
Unarmed Combat | |  0.4

Action                   || total
-------------------------++-------
Melee: Dagger            ||    23
       Unarmed           ||    88
Throw: Dart              ||     1
 Stab: Sleeping          ||     7
Armor: Robe              ||    27
Dodge: Dodged            ||    80

Table legend: (Time is in decaauts)
 A = Elapsed time spent in this place.
 B = Non-inter-level travel time spent in this place.
 C = Inter-level travel time spent in this place.
 D = Time resting spent in this place.
 E = Time spent auto-exploring this place.
 F = Levels seen in this place.
 G = Mean time per level.
                   A        B        C        D        E       F      G
               +--------+--------+--------+--------+--------+-----+--------+
         Total |   1120 |   1120 |      0 |    256 |    655 |   1 | 1120.0 |
       Dungeon |   1120 |   1120 |      0 |    256 |    655 |   1 | 1120.0 |
               +--------+--------+--------+--------+--------+-----+--------+

Top non-repeatable levels by time:
     D:1: 1120 daAuts
